 Dungeon Crawl Stone Soup version 0.23-a0-175-g97aacdb306 (webtiles) character file.

23 Holzbalken the Cudgeler (level 2, 0/22 HPs)
             Began as a Demonspawn Gladiator on Sept 16, 2018.
             Succumbed to an adder's poison
             ... on level 2 of the Dungeon.
             The game lasted 00:03:03 (680 turns).

Holzbalken the Cudgeler (Demonspawn Gladiator)       Turns: 680, Time: 00:03:03

Health: 0/22       AC:  3    Str: 14    XL:     2   Next: 72%
Magic:  2/2        EV: 10    Int:  9    God:
Gold:   47         SH:  9    Dex: 14    Spells: 1/1 levels left

rFire    . . .     SeeInvis .   a - +0 flail
rCold    . . .     Gourm    .   g - +2 shield
rNeg     . . .     Faith    .   b - +0 leather armour
rPois    .         Spirit   .   (helmet restricted)
rElec    .         Reflect  .   (no cloak)
rCorr    .         Harm     .   (no gloves)
MR       .....                  (no boots)
Stlth    +.........             l - amulet of rage
HPRegen  0.07/turn              (no ring)
MPRegen  0.08/turn              (no ring)

@: lethally poisoned (0 -> -13), about to teleport
A: antennae 1
a: Evoke Berserk Rage


You were on level 2 of the Dungeon.
You were not hungry.

You visited 1 branch of the dungeon, and saw 2 of its levels.

You collected 47 gold pieces.

Inventory:

Hand Weapons
 a - a +0 flail (weapon)
Missiles
 d - 3 throwing nets (quivered)
Armour
 b - a +0 leather armour (worn)
 c - a +0 helmet
 g - a +2 shield (worn)
Jewellery
 l - an amulet of rage (around neck)
Scrolls
 m - a scroll of teleportation
Potions
 h - a potion of haste
 n - a potion of invisibility {unknown}
Comestibles
 f - 3 rations
 j - 3 chunks of flesh


   Skills:
 - Level 2.0 Fighting
 - Level 3.1 Maces & Flails
 - Level 1.7 Throwing
 - Level 2.6 Dodging
 + Level 1.0 Shields
 * Level 1.1 Unarmed Combat


You had one spell level left.
You didn't know any spells.
Your spell library was empty.

Dungeon Overview and Level Annotations

Branches:
Dungeon (2/15)

Altars:

Annotations:
D:2 Robin


Innate Abilities, Weirdness & Mutations

You have a pair of small antennae on your head.


Message History

You hear a loud clanging noise!
It was a scroll of noise.
You feel sick.
You hear a shout! x8
You block the bat's attack. The bat barely misses you.
You block the goblin's attack. x2; The adder bites you.
The goblin hits you with a dagger. The goblin misses you.
As you read the scroll labeled SEAWKA CUTEHA, it crumbles to dust.
It is a scroll of identify.
h - a potion of haste You feel sick.
You block the bat's attack. You block the adder's attack.
The goblin hits you with a club.
* * * LOW HITPOINT WARNING * * *
The goblin hits you with a dagger.
* * * LOW HITPOINT WARNING * * *
The goblin hits you but does no damage.
Robin roars a battlecry!
The goblin goes into a battle-frenzy!
As you read the scroll labeled JOUBBA FACHO, it crumbles to dust.
You feel strangely unstable.
It was a scroll of teleportation.
You die...

..# .......#....S....
..# #.#.....####...b
..## #. #.#.....# o ..)#
#..##.#.....#
...####.^........#
.............#.#o#
...........#.#.#o# .
...#####.#.#.#o#S###....
.......#.#.#.#og@g......
####.###.#.#.#.ggggb....
.............#..ggg...##
.###.####..###........#
#.#....># #........#
#.#.##### #...g.s..# #.#
..#.#.....# #.#
####)#.....# ..#


You could see Robin, an adder, 4 orcs, a giant cockroach, 9 goblins and a bat.

Vanquished Creatures
  2 worms (D:2)
  A bat (D:1)
  2 giant cockroaches (D:1)
  2 goblins
  A hobgoblin (D:1)
  3 jackals (D:2)
  2 frilled lizards
  2 kobolds (D:1)
  A rat (D:1)
16 creatures vanquished.

Notes
Turn   | Place    | Note
-------+----------+-------------------------------------------
     0 | D:1      | Holzbalken the Demonspawn Gladiator began the quest for the
                  | Orb.
     0 | D:1      | Reached XP level 1. HP: 16/16 MP: 1/1
   226 | D:1      | Reached skill level 3 in Maces & Flails
   262 | D:1      | Gained mutation: You have a pair of small antennae on your
                  | head. [demonic ancestry]
   262 | D:1      | Reached XP level 2. HP: 19/22 MP: 2/2
   603 | D:2      | Reached skill level 1 in Shields
   603 | D:2      | Reached skill level 1 in Unarmed Combat
   674 | D:2      | Noticed Robin
   679 | D:2      | HP: 1/22 [goblin/dagger[Robin] (2)]
   680 | D:2      | Succumbed to an adder's poison

Vault maps used:
D:1:      minmay_arrival_solitary_statue, serial_corexii_hall,
          corexii_hall_statues_x, corexii_hall_statues_l
D:2:      kennysheep_the_goblin_king, nicolae_tso_swordbearing_angel, uniq_robin

Skill      XL: |  1  2 |
---------------+-------+-----
Maces & Flails | 3 |  3.1
Shields        | 1 |  1.0
Unarmed Combat | 1 |  1.1
Fighting       | |  2.0
Throwing       | |  1.7
Dodging        | |  2.6

Action                   || total
-------------------------++-------
Melee: Flail             ||    47
  Use: Scroll            ||     3
       Potion            ||     1
Armor: Leather armour    ||    10
Dodge: Dodged            ||    24
Block: Shield            ||    31

Table legend:
 A = Non-vault XP
 B = Vault XP
 C = Vault XP percentage of total XP
 D = Non-vault monster count
 E = Vault monster count
 F = Vault count percentage of total count
                 A         B        C        D         E       F
            +---------+---------+-------+---------+---------+-------
      Total |      33 |       0 |   0.0 |      16 |       0 |   0.0
            +---------+---------+-------+---------+---------+-------
        D:1 |      14 |       0 |   0.0 |       9 |       0 |   0.0
        D:2 |      19 |       0 |   0.0 |       7 |       0 |   0.0
            +---------+---------+-------+---------+---------+-------
